 Dungeon Crawl Stone Soup version 0.28.0-43-g3370ac3207 (webtiles) character file.

Game seed: 3526620411899182924

355 adizb the Poker (level 6, 0/48 HPs)
             Began as a Merfolk Fighter on Mar 5, 2022.
             Killed from afar by Blork the orc (3 damage)
             ... with a magic dart
             ... on level 4 of the Dungeon.
             The game lasted 00:13:15 (2634 turns).

adizb the Poker (Merfolk Fighter)                   Turns: 2634, Time: 00:13:15

Health: 0/48       AC:  6    Str: 19    XL:     6   Next: 63%
Magic:  6/6        EV: 11    Int:  7    God:
Gold:   407        SH:  5    Dex: 13    Spells: 5/5 levels left

rFire   . . .      SeeInvis .   a - +0 trident
rCold   . . .      Faith    .   c - +0 buckler
rNeg    . . .      Spirit   .   b - +0 scale mail
rPois   .          Reflect  .   (no helmet)
rElec   .          Harm     .   (no cloak)
rCorr   .          Rampage  .   (no gloves)
Will    .....                   (no boots)
Stlth   ..........              (no amulet)
HPRegen 0.16/turn               (no ring)
MPRegen 0.10/turn               (no ring)

@: lethally poisoned (0 -> -8), about to teleport
A: (nimble swimmer 2), mertail
a: no special abilities


You were on level 4 of the Dungeon.
You visited 1 branch of the dungeon, and saw 5 of its levels.
You also visited: Ossuary.

You collected 407 gold pieces.

Inventory:

Hand Weapons
 a - a +0 trident (weapon)
Armour
 b - a +0 scale mail (worn)
 c - a +0 buckler (worn)
Wands
 k - a wand of polymorph (17) (quivered)
 o - a wand of mindburst (15)
Scrolls
 f - a scroll of fog
 i - a scroll of summoning {unknown}
 l - 2 scrolls of teleportation
 m - a scroll of brand weapon {unknown}
 n - a scroll of enchant armour {unknown}
 r - a scroll of immolation {unknown}
 s - a scroll of holy word {unknown}
Potions
 d - 2 potions of might
 g - 3 potions of mutation {unknown}
 h - a potion of brilliance {unknown}
 j - a potion of magic {unknown}
 p - a potion of curing {unknown}
 q - a potion of heal wounds {unknown}
 t - a potion of lignification {unknown}


   Skills:
 + Level 4.2 Fighting
 * Level 5.6 Polearms
 + Level 2.7 Armour
 * Level 4.7 Dodging
 + Level 3.8 Shields


You had 5 spell levels left.
You didn't know any spells.
Your spell library contained the following spells:

 Spells                   Type           Power      Damage    Failure   Level
 Animate Dead             Necr           0%         N/A       100%        4
 Borgnjor's Vile Clutch   Necr/Erth      0%         N/A       100%        5
 Death Channel            Necr           0%         N/A       100%        6


Dungeon Overview and Level Annotations

Branches:
Dungeon (5/15)            Ossuary (visited)
 Temple: D:4-7

Altars:
Dithmenos
Elyvilon

Annotations:
D:4 Blork the orc
D:5 Eustachio


Innate Abilities, Weirdness & Mutations

((You are very nimble when in or above water. (Stealth+, EV+, Speed+++)))
Your lower body shifts to a powerful aquatic tail in water.


Message History

Okay, then.
You closely miss Eustachio.
Blork the orc hits you with a +0 short sword.
Eustachio mumbles some strange words.
Eustachio blinks!
Blork the orc hits you with a +0 short sword.
You hit Blork the orc but do no damage. Blork the orc barely misses you.
You hit Blork the orc.
Blork the orc is lightly wounded.
Blork the orc frowns.
You block Blork the orc's attack. Blork the orc barely misses you.
You completely miss Blork the orc.
Blork the orc is lightly wounded.
You block Blork the orc's attack.
You completely miss Eustachio.
Blork the orc zaps a wand.
The puff of flame hits you.
Eustachio mumbles some strange words.
Eustachio blinks!
Blork the orc hits you but does no damage.
You closely miss Blork the orc.
Blork the orc is lightly wounded.
Blork the orc hits you with a +0 short sword. x2
Blork the orc looks encouraged for a moment.
You climb upwards.
The ball python hisses angrily.
You block the gnoll's attack. The gnoll hits you with a +0 spear.
The gnoll hits you from afar with a +0 spear of venom.
You are poisoned.
The gnoll hits you but does no damage.
There is a stone staircase leading down here.
As you read the scroll of teleportation, it crumbles to dust.
You feel strangely unstable.
You feel very sick.
Blork the orc points at you and mumbles some strange words.
The magic dart hits you!
* * * LOW HITPOINT WARNING * * *
The gnoll hits you but does no damage. Blork the orc casts a spell at you.
The magic dart hits you.
You die...

# #.≈.§#§#.# #.....#
#.###.≈....#.##########
....§.≈....#.#...###
≈≈≈§§§≈.#..#.....'.
..).§§..##S#.#...###
##########..)......#
#.........# #.........#
#.#@o.....# #.#g......#
#.#g####### #.#.# #.#.#
#.# #.# #.# !..


You could see Blork the orc (fast), 2 gnolls and a ball python.

Vanquished Creatures
  An ogre (D:4)
  3 centaur zombies (Ossuary)
  An iguana (D:4)
  Terence (D:2)
  2 mummies (Ossuary)
  2 adders
  A gnoll (D:4)
  2 worms (D:3)
  A dart slug (D:2)
  6 orcs
  10 endoplasms
  2 giant cockroaches
  5 hobgoblins
  A jackal (D:4)
  4 quokkas
  3 ball pythons
  4 bats
  2 frilled lizards (D:3)
  2 gnoll zombies (Ossuary)
  A goblin (D:3)
  3 goblin zombies (Ossuary)
  2 hobgoblin zombies (Ossuary)
  2 kobolds
  4 orc zombies (Ossuary)
  5 rats
70 creatures vanquished.

Notes
Turn   | Place    | Note
-------+----------+-------------------------------------------
     0 | D:1      | adizb the Merfolk Fighter began the quest for the Orb.
     0 | D:1      | Reached XP level 1. HP: 18/18 MP: 1/1
   508 | D:1      | Reached skill level 1 in Dodging
   508 | D:1      | Reached XP level 2. HP: 24/24 MP: 2/2
   672 | D:2      | Noticed Terence
   678 | D:2      | Killed Terence
   679 | D:2      | Reached XP level 3. HP: 25/29 MP: 3/3
   772 | D:2      | Reached skill level 4 in Polearms
   924 | D:2      | Reached XP level 4. HP: 31/36 MP: 4/4
  1792 | D:3      | Found a white marble altar of Elyvilon.
  1793 | D:3      | Found a shadowy altar of Dithmenos.
  1840 | D:4      | Noticed a scorpion
  1842 | D:4      | a scorpion changed into a jackal
  1903 | D:4      | Found a sand-covered staircase.
  1916 | Ossuary  | Entered an ossuary
  1937 | Ossuary  | Reached XP level 5. HP: 26/42 MP: 5/5
  2115 | Ossuary  | Reached skill level 5 in Polearms
  2141 | Ossuary  | Reached XP level 6. HP: 26/48 MP: 6/6
  2618 | D:4      | Noticed Blork the orc
  2621 | D:4      | Noticed Eustachio
  2624 | D:5      | Entered Level 5 of the Dungeon
  2634 | D:4      | Killed from afar by Blork the orc

Illustrated notes

Levels and vault maps discovered:
D:1:      mrwooster_arrival_statue_2, layout_loops_ring,
          ebering_dispersal_statue_hall, hangedman_decor_points,
          hangedman_decor_push, grunt_decor_one_mirror
D:2:      layout_basic, kennysheep_flooded_box, grunt_ministairs_13,
          uniq_terence
D:3:      layout_loops_ring, gammafunk_temple_overflow_pools, minmay_unequal
D:4:      kennysheep_the_goblin_king, layout_basic,
          mainiacjoe_overflow_brackets, nicolae_ossuary_entry_ruins,
          dk_noncrumbling_3, uniq_eustachio, uniq_blork_the_orc
D:5:      layout_rooms, fedhas_altar_3, gammafunk_ghost_gnarly_gnolls,
          minmay_shop_enchanted_jewellery, minmay_misc_feat_hallway,
          grunt_ministairs_8

Skill      XL: |  1  2  3  4  5 |
---------------+----------------+-----
Dodging        | 1 2 3 4 |  4.7
Polearms       | 4 5 |  5.6
Fighting       | 4 |  4.2
Armour         | |  2.7
Shields        | |  3.8

Action                   |  1- 3 |  4- 6 || total
-------------------------+-------+-------++-------
Melee: Trident           |    69 |   172 ||   241
Evoke: Wand              |       |     2 ||     2
  Use: Scroll            |       |     4 ||     4
       Potion            |       |     1 ||     1
Armor: Scale mail        |    15 |    65 ||    80
Dodge: Dodged            |    22 |    80 ||   102
Block: Buckler           |    12 |    34 ||    46
